 Dungeon Crawl Stone Soup version 0.24.0-13-gcf9b319 (webtiles) character file.

Game seed: 18056655693438176148, levelgen mode: deterministic

63 silenth the Conjurer (level 3, -6/26 HPs)
             Began as a Demigod Conjurer on Jan 10, 2020.
             Mangled by Natasha (8 damage)
             ... on level 2 of the Dungeon.
             The game lasted 00:01:26 (1487 turns).

silenth the Conjurer (Demigod Conjurer)             Turns: 1487, Time: 00:01:27

Health: -6/26      AC:  2    Str: 16    XL:     3   Next: 61%
Magic:  2/9        EV: 12    Int: 21    God:
Gold:   92         SH:  0    Dex: 16    Spells: 1/7 levels left

rFire    . . .     SeeInvis .   k - +0 dagger
rCold    . . .     Gourm    .   (no shield)
rNeg     . . .     Faith    .   a - +0 robe
rPois    .         Spirit   .   (no helmet)
rElec    .         Reflect  .   (no cloak)
rCorr    .         Harm     .   (no gloves)
MR       .....                  (no boots)
Stlth    ++........             (no amulet)
HPRegen  0.08/turn              (no ring)
MPRegen  0.11/turn              (no ring)

@: mighty
A: high mp 1
a: no special abilities


You were on level 2 of the Dungeon.
You were not hungry.

You visited 1 branch of the dungeon, and saw 2 of its levels.

You collected 92 gold pieces.

Inventory:

Hand Weapons
 k - a +0 dagger (weapon)
Armour
 a - a +0 robe (worn)
Jewellery
 f - a +2 ring of evasion {unknown}
Scrolls
 b - a scroll of amnesia {unknown}
 c - 4 scrolls of enchant armour {unknown}
 d - a scroll of enchant weapon {unknown}
 j - 2 scrolls of remove curse {unknown}
 l - a scroll of identify {unknown}
Potions
 g - a potion of curing {unknown}
Comestibles
 e - 4 rations
 i - a chunk of flesh


   Skills:
 - Level 1.7 Dodging
 - Level 1.7 Stealth
 + Level 2.7 Spellcasting
 + Level 4.3 Conjurations
 + Level 0.6 Hexes


You had one spell level left.
You knew the following spells:

 Your Spells              Type           Power        Failure   Level  Hunger
a - Magic Dart            Conj           ###.         2%          1    None
b - Searing Ray           Conj           ###...       3%          2    ##.....
c - Dazzling Spray        Conj/Hex       ##....       16%         3    ###....

Your spell library contained the following spells:

 Spells                   Type           Power        Failure   Level  Hunger
 Iskenderun's Mystic Bla  Conj           ###.....     22%         4    ####...
 Fulminant Prism          Conj/Hex       ##........   45%         4    ####...
 Force Lance              Conj/Tloc      ##......     50%         4    ####...


Dungeon Overview and Level Annotations

Branches:
Dungeon (2/15)

Annotations:
D:2 Natasha


Innate Abilities, Weirdness & Mutations

You have an increased reservoir of magic. (+10% MP)


Message History

You hit the white imp.
The white imp is severely wounded.
The white imp hits you.
* * * LOW HITPOINT WARNING * * *
The white imp freezes you.
* * * LOW HITPOINT WARNING * * *
It was a potion of might.
You feel very mighty all of a sudden.
The white imp hits you but does no damage.
Natasha barely misses you.
You hit Natasha but do no damage.
Natasha is heavily wounded.
The white imp closely misses you. Natasha misses you.
You hit Natasha but do no damage.
Natasha is heavily wounded.
The white imp barely misses you.
Natasha howls an incantation.
Natasha's front paws start to glow.
Natasha claws you!
You die...

5. #.# .. #.# #.##
#.# ..#############.#
... ............. #.#
#######.##... ####5#
#........#.##
+..5h###......).#.#
###@..##........#.#
#.#.##........#.#
#.#..#........#.#
.(##.#...รท....#.#
...##.#........#.#
....##......##+##.#
.....###.....##.##.#
.####.#.......'.....#
#.##....##.####


You could see Natasha, a crimson imp and a white imp.

Vanquished Creatures
  Jessica (D:2)
  An adder (D:2)
  A worm (D:2)
  A leopard gecko (D:1)
  A bat (D:2)
  A giant cockroach (D:1)
  5 hobgoblins
  3 kobolds
  A ball python (D:1)
  6 frilled lizards
  2 goblins (D:1)
  3 rats
26 creatures vanquished.

Notes
Turn   | Place    | Note
-------+----------+-------------------------------------------
     0 | D:1      | silenth the Demigod Conjurer began the quest for the Orb.
     0 | D:1      | Reached XP level 1. HP: 14/14 MP: 5/5
   138 | D:1      | Reached skill level 2 in Spellcasting
   389 | D:1      | Reached XP level 2. HP: 20/20 MP: 1/7
   494 | D:1      | Learned a level 2 spell: Searing Ray
  1074 | D:2      | Noticed Jessica
  1078 | D:2      | Killed Jessica
  1078 | D:2      | Reached skill level 4 in Conjurations
  1078 | D:2      | Reached XP level 3. HP: 26/26 MP: 4/9
  1084 | D:2      | Learned a level 3 spell: Dazzling Spray
  1381 | D:2      | Found a glowing golden altar of the Shining One.
  1391 | D:2      | Found a radiant altar of Vehumet.
  1469 | D:2      | Noticed Natasha
  1483 | D:2      | HP: 2/26 [white imp[Natasha] (5)]
  1487 | D:2      | Mangled by Natasha

Levels and vault maps discovered:
D:1:      dpeg_arrival_boxorama, layout_loops_ring,
          chequers_serial_rivers_small_b, minmay_lizard_king
D:2:      layout_basic, nicolae_overflow_hidden_temple, fiery_altar_vehumet,
          uniq_jessica, uniq_natasha

Skill      XL: |  1  2 |
---------------+-------+-----
Spellcasting   | 2 |  2.7
Conjurations   | 4 |  4.3
Dodging        | |  1.7
Stealth        | |  1.7
Hexes          | |  0.6

Action                   || total
-------------------------++-------
Melee: Unarmed           ||     4
       Dagger            ||     9
 Cast: Magic Dart        ||    59
  Use: Potion            ||     1
  Eat: Chunk             ||     2
Armor: Robe              ||     5
Dodge: Dodged            ||    13
